 Dungeon Crawl Stone Soup version 0.31.0-4-g52a2dc7128 (webtiles) character file.

Game seed: 12979365781200066741

48026 Gobbopathe the Warrior (level 14, -3/165 HPs)
             Began as an Octopode Shapeshifter on Jan 22, 2024.
             Was a High Priest of Wu Jian.
             Killed from afar by a molten gargoyle (13 damage)
             ... with a bolt of magma
             ... on level 5 of the Lair of Beasts.
             The game lasted 01:18:58 (21641 turns).

Gobbopathe the Warrior (Octopode Shapeshifter)     Turns: 21641, Time: 01:18:58

Health: -3/165     AC: 31    Str: 17    XL:     14   Next: 44%
Magic:  14/14      EV:  2    Int: 13    God:    Wu Jian [*****.]
Gold:   1030       SH:  4    Dex: 12    Spells: 13/13 levels left

rFire   + .          .
                       - Unarmed
rCold   x . .        G - +0 buckler
rNeg    . . .        (helmet currently unavailable)
rPois   +            v - amulet of the acrobat
rElec   .            y - +4 ring of protection
rCorr   .            S - ring of see invisible
SInv    +            r - +5 ring of evasion
Will    +....        J - ring of fire
Stlth   ++++         (no ring)
HPRegen 0.47/turn    (no ring)
MPRegen 0.14/turn    (no ring)
                     (no ring)

%: acrobat
@: tree-form
A: stationary, stasis, torment immunity, boosted hp, almost no armour,
(amphibious), 8 rings, (camouflage 1), (gelatinous body 1), (nimble swimmer 1),
(tentacles)
a: Renounce Religion, Wall Jump, Serpent's Lash, Heavenly Storm


You were on level 5 of the Lair of Beasts.
You worshipped Wu Jian.
Wu Jian was extremely pleased with you.
You were a tree.
You visited 3 branches of the dungeon, and saw 17 of its levels.
You also visited: Bailey and Ice Cave.

You collected 1383 gold pieces.
You spent 353 gold pieces at shops.

Inventory:

Hand Weapons
 b - a +0 sling
 V - a +2 hand cannon of freezing
Missiles
 j - 83 stones (quivered)
 s - 27 poisoned darts
 L - 3 throwing nets
 M - 6 curare-tipped darts
 N - a boomerang
 P - 4 atropa-tipped darts
Armour
 G - a +0 buckler (worn)
 O - a +1 hat
 Q - the +5 Storm Queen's Shield {shock, Fly rElec}
   (You took it off an orc warrior in a bailey)

   Shock:     When it blocks an attack, it may electrocute the attacker.
   This works even against foes who are a short distance away.
   rElec:     It insulates you from electricity.
   Fly:       It grants you flight.
Magical Staves
 e - a staff of conjuration
 H - a staff of fire
Jewellery
 r - a +5 ring of evasion (on tentacle)
 v - an amulet of the acrobat (around neck)
 y - a +4 ring of protection (left branch)
 D - a ring of ice
 J - a ring of fire (on tentacle)
 S - a ring of see invisible (right branch)
Talismans
 c - a flux talisman
 n - a beast talisman
 p - a serpent talisman (active)
 U - a talisman of death
Wands
 m - a wand of roots (17)
 E - a wand of mindburst (16)
 F - a wand of flame (14)
 K - a wand of charming (11)
 X - a wand of acid (3)
Scrolls
 f - a scroll of revelation
 g - a scroll of vulnerability
 k - 3 scrolls of immolation
 o - 2 scrolls of fear
 t - 7 scrolls of teleportation
 u - 4 scrolls of poison
 B - a scroll of fog {unknown}
 C - a scroll of enchant armour {unknown}
 I - 3 scrolls of torment
 T - a scroll of amnesia
 W - 5 scrolls of brand weapon
Potions
 a - a potion of lignification
 d - 2 potions of might
 h - 2 potions of haste
 i - a potion of enlightenment
 l - 4 potions of brilliance
 q - 8 potions of curing
 x - a potion of cancellation
 A - a potion of ambrosia
Miscellaneous
 w - a phial of floods
 R - a sack of spiders


   Skills:
 * Level 15.6 Fighting
 - Level 5.0 Dodging
 - Level 8.0 Stealth
 - Level 0.6 Shields
 + Level 8.5 Unarmed Combat
 + Level 4.5 Evocations
 * Level 14.7 Shapeshifting


You had 13 spell levels left.
You didn't know any spells.
Your spell library contained the following spells:

 Spells                   Type           Power      Damage    Failure   Level
 Slow                     Hex            0%         N/A       38%         1
 Sting                    Conj/Alch      0%         1d3       38%         1
 Mercury Vapours          Alch/Air       0%         N/A       52%         2
 Confusing Touch          Hex            0%         N/A       77%         3
 Frozen Ramparts          Ice            0%         1d1       77%         3
 Inner Flame              Hex/Fire       0%         N/A       77%         3
 Mephitic Cloud           Conj/Alch/Air  0%         N/A       77%         3
 Sigil of Binding         Hex            0%         N/A       77%         3
 Vampiric Draining        Necr           0%         2d6       77%         3
 Animate Dead             Necr           0%         N/A       99%         4
 Flame Wave               Conj/Fire      0%         2d4       99%         4
 Leda's Liquefaction      Alch/Erth      0%         N/A       99%         4
 Olgreb's Toxic Radiance  Alch           0%         N/A       99%         4
 Petrify                  Alch/Erth      0%         N/A       99%         4
 Sticky Flame             Fire/Alch      0%         2d4       99%         4
 Summon Blazeheart Golem  Fire/Summ      0%         N/A       99%         4
 Alistair's Intoxication  Alch           0%         N/A       100%        5
 Borgnjor's Vile Clutch   Necr/Erth      0%         N/A       100%        5
 Freezing Cloud           Conj/Ice/Air   0%         6-21      100%        5
 Metabolic Englaciation   Hex/Ice        0%         N/A       100%        5
 Death Channel            Necr           0%         N/A       100%        6
 Eringya's Noxious Bog    Alch           0%         4d6       100%        6
 Sculpt Simulacrum        Ice/Alch       0%         N/A       100%        6
 Orb of Destruction       Conj           0%         9d5       100%        7
 Ozocubu's Refrigeration  Ice            0%         4d7       100%        7
 Spellforged Servitor     Conj/Summ      0%         N/A       100%        7


Dungeon Overview and Level Annotations

Branches:
Dungeon (11/15) Zot: 26944  Temple (1/1) D:7 Zot: 5983    Lair (5/5) D:9 Zot: 19555
  Swamp (0/4) Lair:2        Snake (0/4) Lair:3        Slime (0/5) Lair:4
    Orc (0/2) D:9          Bailey (visited)           IceCv (visited)

Altars:
Ashenzari
Cheibriados
Dithmenos
Elyvilon
Fedhas
Gozag
Hepliaklqana
Kikubaaqudgha
Makhleb
Nemelex Xobeh
Okawaru
Qazlal
Ru
Sif Muna
Trog
Uskayaw
Vehumet
Wu Jian
Xom
Yredelemnul
Zin
The Shining One
Jiyva

Shops:
D:4 ?=[?*   D:5 *

Annotations:
D:8 3 runed translucent doors, sarposarpo's ghost, novice GrFi
D:9 exclusion: door
D:10 exclusion: 5 electric eels
D:11 exclusion: cyclops
Lair:3 Gastronok; Murgh's ghost, journeyman MiBe


Innate Abilities, Weirdness & Mutations

You are a tree.
Your roots penetrate the ground, keeping you stationary.
You cannot be teleported.
You are immune to unholy pain and torment.
Your maximum health is greatly increased.
You cannot wear most types of armour.
((You are amphibious.))
You can wear up to eight rings at the same time.
((Your skin changes colour to match your surroundings (Stealth+).))
((Your rubbery body absorbs attacks. (AC +1, EV +1)))
((You are camouflaged when in or above water. (Stealth+)))
((You have tentacles for arms and can constrict up to eight enemies at once.))


Message History

You hit the hell hound.
The hell hound is heavily wounded.
You feel sick. The hell hound bites you!
* * * LOW HITPOINT WARNING * * *
You smack the hell hound!
You kill the hell hound!
The Council accepts your kill.
You feel sick.
You hit the komodo dragon but do no damage.
You feel sick.
The komodo dragon bites you but does no damage.
You pummel the komodo dragon!!
The komodo dragon is heavily wounded.
You feel sick.
The komodo dragon bites you but does no damage.
You hit the komodo dragon but do no damage.
The komodo dragon is moderately wounded.
You feel sick.
You are no longer poisoned.
The komodo dragon bites you but does no damage.
You pummel the komodo dragon!!
The komodo dragon is almost dead.
You block the komodo dragon's attack.
You smack the komodo dragon!
You kill the komodo dragon!
The Council accepts your kill.
You hit the molten gargoyle but do no damage.
You punch the molten gargoyle.
The molten gargoyle is lightly damaged.
The molten gargoyle barely misses you.
You smack the molten gargoyle!
You punch the molten gargoyle, but do no damage.
The molten gargoyle is heavily damaged.
The molten gargoyle blasts magma at you!
The bolt of magma hits you! You partially resist.
* * * LOW HITPOINT WARNING * * *
You feel better.
The molten gargoyle blasts magma at you!
The bolt of magma hits you! You partially resist.
You die...

#...[##≈≈###....## #..#
....$ #≈≈#......8# #..# ..
#§≈§......## #..# ..
#≈§§.......## #..# ...
#§§≈§.......# #.#. #...
##≈≈..........≈ ##...
.######≈##§........≈§# #....
≈..≈≈≈§≈§##........§≈# #..#.
§≈§.#≈≈≈§≈#♣....#.§§####...#
##... #§Dl9#..#.#.§≈# #....#
..h...#..§§##8### ≈# ##...#
..l...).≈≈≈§### #.....
......##≈§§≈# #..... ......
###≈≈§# ##.... ..... #§≈≈≈≈
##..## .### ≈§≈###≈
####...## # ## #.##...##


You could see a basilisk, a molten gargoyle and a steam dragon.

Vanquished Creatures
  A reaper (IceCv)
  2 hydras
  A catoblepas (Lair:5)
  A two-headed ogre (D:10)
  A boulder beetle (Lair:4)
  6 death yaks
  A skyshark (Lair:4)
  Pikel (D:7)
  A lindwurm (Lair:5)
  Joseph (D:7)
  10 elephants
  8 black mambas
  A gargoyle (D:10)
  2 torpor snails
  An ice statue (IceCv)
  2 molten gargoyles (Lair:5)
  A freezing wraith (IceCv)
  7 cane toads
  3 rime drakes
  18 komodo dragons
  2 ice devils (Lair:2)
  Psyche (D:9)
  4 polar bears (Lair:1)
  2 tyrant leeches (Lair:2)
  26 blink frogs
  2 wyverns
  2 shadows
  4 basilisks
  A wraith (D:10)
  35 yaks
  A steam dragon (D:8)
  A death yak simulacrum (IceCv)
  2 nagas (Lair:3)
  A swamp worm (Lair:2)
  21 water moccasins
  4 hell hounds (Lair:5)
  14 orc warriors
  5 black bears (Lair:1)
  2 ice beasts
  2 centaurs (D:9)
  2 ogres
  13 wolves
  4 lemures (D:7)
  A phantom (D:5)
  3 kobold brigands
  13 bullfrogs
  5 two-headed ogre simulacra (IceCv)
  A brain worm (D:6)
  A gnoll sergeant (D:8)
  2 cane toad simulacra (IceCv)
  2 scorpions
  7 wights
  3 elephant simulacra (IceCv)
  4 killer bees (D:8)
  2 electric eels
  3 howler monkeys
  A lava snake (Lair:5)
  A bombardier beetle (D:3)
  4 hounds
  Crazy Yiuf (D:2)
  3 orc priests (D:10)
  Jessica (D:3)
  13 orc wizards
  A sleepcap (D:6)
  5 iguanas
  Natasha (thrice) (D:2)
  3 troll simulacra (IceCv)
  5 spriggan simulacra (IceCv)
  3 polar bear simulacra (IceCv)
  4 wolf simulacra (IceCv)
  5 gnolls
  7 adders
  6 naga simulacra (IceCv)
  8 white imps
  3 ufetubi (IceCv)
  A ribbon worm (D:5)
  3 dart slugs
  43 orcs
  2 ball pythons
  4 endoplasms
  12 goblins
  5 hobgoblins
  11 jackals
  15 kobolds
  4 quokkas
  4 bats
  A frilled lizard (D:1)
  3 rats
452 creatures vanquished.

Notes
Turn   | Place    | Note
-------+----------+-------------------------------------------
     0 | D:1      | Gobbopathe the Octopode Shapeshifter began the quest for
                  | the Orb.
     0 | D:1      | Reached XP level 1. HP: 13/13 MP: 1/1
   127 | D:1      | Reached XP level 2. HP: 15/18 MP: 2/2
   541 | D:1      | Reached skill level 1 in Stealth
  1093 | D:2      | Noticed Natasha
  1103 | D:2      | Reached XP level 3. HP: 23/23 MP: 3/3
  1113 | D:2      | Killed Natasha
  1216 | D:2      | Reached skill level 2 in Fighting
  1216 | D:2      | Reached XP level 4. HP: 24/29 MP: 4/4
  1461 | D:2      | Found a runed translucent door.
  1462 | D:2      | Noticed Crazy Yiuf
  1470 | D:2      | Killed Crazy Yiuf
  1559 | D:2      | Noticed Natasha
  1564 | D:2      | Killed Natasha
  1565 | D:2      | Reached XP level 5. HP: 35/35 MP: 5/5
  1648 | D:2      | Noticed Natasha
  1682 | D:2      | Killed Natasha
  2033 | D:3      | Noticed Jessica
  2042 | D:3      | Killed Jessica
  2209 | D:4      | Reached skill level 3 in Fighting
  2209 | D:4      | Reached XP level 6. HP: 25/42 MP: 6/6
  2334 | D:4      | Found an opulent altar of Gozag.
  2358 | D:4      | Found a snail-covered altar of Cheibriados.
  2422 | D:4      | Found Hiukeari's Assorted Antiques.
  2431 | D:4      | Bought a grey potion for 24 gold pieces
  2431 | D:4      | Bought a scroll labelled VUKABB KAODDIW for 27 gold pieces
  2431 | D:4      | Bought a scroll labelled DENNIFE WEOTAFIE for 27 gold
                  | pieces
  2474 | D:4      | Found Jaam's Magic Scroll Shoppe.
  2481 | D:4      | Bought a scroll of identify for 26 gold pieces
  2481 | D:4      | Bought a scroll of identify for 26 gold pieces
  2481 | D:4      | Bought a scroll of teleportation for 39 gold pieces
  2481 | D:4      | Bought a scroll of fear for 52 gold pieces
  2550 | D:4      | Found Wuiqikhlu's Antique Armour Emporium.
  2562 | D:4      | Found Fiwiniph's Jewellery Boutique.
  2660 | D:4      | Found Jogoat's Magic Scroll Shop.
  2669 | D:4      | Bought a scroll of identify for 24 gold pieces
  2815 | D:4      | Reached XP level 7. HP: 47/47 MP: 7/7
  2891 | D:4      | Bought a scroll of teleportation for 36 gold pieces
  2912 | D:5      | Entered Level 5 of the Dungeon
  3117 | D:5      | Found Zulab Gobiss's Serpentskin Sales.
  3125 | D:5      | Reached skill level 4 in Fighting
  3189 | D:5      | Reached skill level 5 in Shapeshifting
  3239 | D:5      | Found an iron altar of Okawaru.
  3394 | D:5      | Found an ancient bone altar of Kikubaaqudgha.
  3396 | D:5      | Found a white marble altar of Elyvilon.
  3407 | D:5      | Reached XP level 8. HP: 53/54 MP: 8/8
  3610 | D:4      | Bought a scroll of identify for 24 gold pieces
  3610 | D:4      | Bought a scroll of identify for 24 gold pieces
  3610 | D:4      | Bought a scroll of identify for 24 gold pieces
  3644 | D:6      | Found a shimmering altar of Xom.
  3661 | D:6      | Reached skill level 5 in Stealth
  3834 | D:6      | Reached skill level 5 in Fighting
  4453 | D:6      | Reached skill level 5 in Unarmed Combat
  4566 | D:6      | Reached XP level 9. HP: 62/62 MP: 9/9
  4602 | D:6      | Reached skill level 6 in Fighting
  4825 | D:7      | Found a staircase to the Ecumenical Temple.
  4840 | Temple   | Entered the Ecumenical Temple
  4848 | Temple   | Became a worshipper of the Wu Jian Council
  4939 | D:7      | Noticed Pikel
  5016 | D:7      | Reached skill level 5 in Dodging
  5429 | D:7      | Killed Pikel
  5430 | D:7      | Reached skill level 7 in Fighting
  5613 | D:7      | Noticed Joseph
  5629 | D:7      | Killed Joseph
  5630 | D:7      | Reached XP level 10. HP: 58/71 MP: 10/10
  5838 | D:7      | Found a shimmering blue altar of Sif Muna.
  5922 | D:8      | Found a hide-covered altar of Uskayaw.
  6049 | D:8      | Reached skill level 8 in Fighting
  6130 | D:8      | Reached * piety under Wu Jian
  6627 | D:8      | Found a runed translucent gate.
  6628 | D:8      | Found a runed translucent gate.
  6629 | D:8      | Found a runed translucent gate.
  6629 | D:8      | Noticed sarposarpo's ghost (novice GrFi)
  6632 | D:8      | Identified the +0 plate armour "Heomif" {*Corrode MP+9
                  | Dex+8 SInv}
  6688 | D:8      | Found a glowing golden altar of the Shining One.
  7008 | D:9      | Found a radiant altar of Vehumet.
  7016 | D:9      | Noticed Psyche
  7021 | D:9      | Killed Psyche
  7022 | D:9      | Reached skill level 9 in Fighting
  7091 | D:9      | Found a staircase to the Lair.
  7257 | D:9      | Found a staircase to the Orcish Mines.
  7398 | D:9      | Found a glowing silver altar of Zin.
  7398 | D:9      | Noticed an angel
  7490 | D:9      | Found a stormy altar of Qazlal.
  7554 | D:10     | Entered Level 10 of the Dungeon
  7599 | D:10     | Found a flagged portal.
  7606 | Bailey   | Entered a bailey
  7711 | Bailey   | Reached ** piety under Wu Jian
  7878 | Bailey   | Identified the +3 crystal plate armour of the Buccaneer
                  | {Rampage Str-3 Dex-5 Slay+6}
  8034 | Bailey   | Reached XP level 11. HP: 81/81 MP: 11/11
  8274 | D:10     | Noticed a two-headed ogre
  8278 | D:10     | Killed a two-headed ogre
  8279 | D:10     | Reached skill level 10 in Fighting
  8512 | D:10     | Reached skill level 10 in Shapeshifting
  9143 | D:11     | Noticed a cyclops
  9193 | Lair:1   | Entered Level 1 of the Lair of Beasts
  9254 | Lair:1   | You fall into a shaft and drop 1 floor!
  9410 | Lair:2   | Found a frozen archway.
  9460 | IceCv    | Entered an ice cave
  9586 | IceCv    | Reached *** piety under Wu Jian
  9611 | IceCv    | Reached skill level 11 in Fighting
 10193 | IceCv    | Noticed a reaper
 10243 | IceCv    | HP: 2/99 [reaper/-4 scythe of freezing (7)]
 10245 | IceCv    | Killed a reaper
 11022 | IceCv    | Got Sif Muna's Volume of the Icicle
 11287 | IceCv    | Reached **** piety under Wu Jian
 11919 | Lair:1   | Reached XP level 12. HP: 72/91 MP: 12/12
 11922 | Lair:1   | Reached skill level 12 in Fighting
 13057 | Lair:3   | Noticed a death yak
 13526 | Lair:2   | Reached skill level 13 in Fighting
 13667 | Lair:2   | Reached ***** piety under Wu Jian
 13800 | Lair:2   | Found a staircase to the Swamp.
 14636 | Lair:2   | Killed a death yak
 15344 | Lair:3   | Reached XP level 13. HP: 100/100 MP: 13/13
 15584 | Lair:3   | Noticed Gastronok
 15870 | Lair:3   | Found a staircase to the Snake Pit.
 15975 | Lair:3   | Reached skill level 14 in Fighting
 17287 | Lair:4   | Found a runed translucent door.
 17297 | Lair:4   | Noticed Murgh's ghost (journeyman MiBe)
 17725 | Lair:4   | Reached skill level 1 in Evocations
 17924 | Lair:4   | Found a viscous altar of Jiyva.
 17925 | Lair:4   | Found a staircase to the Slime Pits.
 18871 | Lair:5   | Entered Level 5 of the Lair of Beasts
 19562 | Lair:5   | Reached skill level 15 in Fighting
 19565 | Lair:5   | Reached XP level 14. HP: 72/110 MP: 14/14
 21640 | Lair:5   | HP: 5/165 [molten gargoyle/bolt of magma (17)]
 21641 | Lair:5   | Killed from afar by a molten gargoyle

Illustrated notes

Levels and vault maps discovered:
D:1:      dpeg_arrival_round_b, layout_loops_ring, minmay_surrounded
D:2:      layout_basic, uniq_natasha, uniq_crazy_yiuf_cottage
D:3:      layout_basic, dreamdust_mushroom_princess, uniq_jessica
D:4:      layout_rooms, nicolae_overflow_crystal_walls, kennysheep_mini_moat,
          serial_shops, nicolae_shop_advertising_works
          [nicolae_subvault_shop_adworks], nicolae_lakefront_shop,
          nicolae_shop_statue_plus, shop, shop
D:5:      layout_rooms, jmf_multi_god_temple, okawaru_metal_pillars_1_2,
          guppyfry_shop_venom
D:6:      layout_rooms, xom_butterflies, solitary_fountain,
          minmay_misc_feat_columns, minmay_pentangle
D:7:      layout_rooms, tgw_sif, minmay_temple_entry_gardened_gates,
          uniq_joseph, uniq_pikel
D:8:      layout_rooms, lemuel_tele_altar, mainiacjoe_overflow_tiny_flanked,
          biasface_ghost_orc_armoury
D:9:      minmay_the_grid_3x3 [minmay_the_grid_medium_cups,
          minmay_the_grid_pillar_ring, minmay_the_grid_tri_star,
          minmay_the_grid_gridbox, minmay_the_grid_tiny_cups,
          minmay_the_grid_plusring, minmay_the_grid_box_x,
          minmay_the_grid_armoury, minmay_the_grid_prize_inner_circle],
          layout_loops_ring, zin_angel, vehumet_altar_wand_db,
          nicolae_qazlal_style_of_elements, orc_0_dummy, minmay_orc_keep,
          uniq_psyche
D:10:     cheibrodos_two_vegetables, layout_long_grid, enter_bailey_3,
          minivault_5, grunt_ogre_cave
D:11:     layout_basic, serial_shops, shop, uniq_harold, uniq_josephine
Temple:   dpeg_chambers_temple
Lair:1:   beast_lair_carwin_large_3, layout_chaotic_city
Lair:2:   layout_cave_shapes, minmay_swamp_entry_worms,
          portal_ice_cave_demonic_guard
Lair:3:   layout_long_grid, minmay_snake_entry_guardpost_small,
          nicolae_quartered_pool_medium, grunt_megastairs_3, uniq_gastronok
Lair:4:   layout_regular_city, minmay_slime_entry_oklob_open,
          ebering_ghost_inner_flame, serial_bayou_shore_b,
          infiniplex_staircase_pool, grunt_megastairs_1
Lair:5:   cheibrodos_lair_end_hotspot, layout_small_grid,
          nicolae_lair_grove_arrangements

Skill      XL: |  1  2  3  4  5  6  7  8  9 10 11 12 13 14 |
---------------+-------------------------------------------+-----
Stealth        | 1 2 3 4 6 7 8 |  8.0
Fighting       | 2 3 4 5 7 9 11 13 15 | 15.6
Shapeshifting  | 4 5 6 7 9 11 13 14 | 14.7
Dodging        | 3 4 5 |  5.0
Unarmed Combat | 4 5 6 7 8 |  8.5
Evocations     | 3 4 |  4.5
Shields        | |  0.6

Action                     |  1- 3 |  4- 6 |  7- 9 | 10-12 | 13-15 || total
---------------------------+-------+-------+-------+-------+-------++-------
  Melee: Unarmed           |    44 |    84 |   194 |   771 |   537 ||  1630
         Constrict         |    12 |    18 |    43 |   139 |   101 ||   313
         Tentacles         |     8 |    21 |    49 |    27 |       ||   105
         Punch             |       |     2 |     6 |     5 |     3 ||    16
  Throw: Dart              |       |     5 |    11 |       |       ||    16
         Stone             |       |       |    20 |    16 |       ||    36
Ability: Lunge             |       |       |     2 |   102 |    55 ||   159
         Whirlwind         |       |       |       |    99 |    87 ||   186
    Use: Scroll            |       |     4 |     7 |    10 |     4 ||    25
         Potion            |       |       |       |     7 |     3 ||    10
   Stab: Sleeping          |     3 |     7 |     8 |    20 |    11 ||    49
         Distracted        |       |       |       |     2 |     1 ||     3
         Petrified         |       |       |       |       |    11 ||    11
         Petrifying        |       |       |       |       |     1 ||     1
 Armour: Skin              |    18 |    27 |    73 |   533 |   357 ||  1008
  Dodge: Dodged            |    32 |    47 |   100 |   324 |   263 ||   766
  Block: Buckler           |       |       |       |     2 |     2 ||     4
   Form: Serpent           |       |       |       |     1 |       ||     1
